Get step-by-step instructions on how to execute this build order below. Start the game timer, and the build order will tick by so you can play in parallel with StarCraft on a second screen or mobile device.

Game Time

  0:00

Last Step

  N/A

Next Step

Upcoming Step



Don't want to look back and forth between 2 screens? Try out our Overwolf App, the Spawning Tool Build Advisor to get an in-game overlay with this build!

Complete Build Order

  12  0:00  SCV  
  13  0:12  SCV  
  14  0:17  Supply Depot  
  14  0:24  SCV  
  15  0:38  SCV  
  15  0:40  Barracks  
  16  0:45  Refinery  
  16  0:56  Barracks  
  16  1:00  SCV  
  17  1:10  Refinery  
  17  1:12  SCV  
  19  1:27  Reaper  
  19  1:29  Orbital Command  
  19  1:43  Reaper  
  19  1:44  Supply Depot  
  20  1:54  SCV  
  20  1:59  Reaper  
  22  2:06  SCV  
  23  2:10  Factory  
  23  2:17  Reaper  
  23  2:18  SCV  
  25  2:30  SCV  
  26  2:43  SCV, Reaper  
  28  2:57  Command Center  
  28  2:58  Reaper  
  29  3:01  Hellion  
  29  3:04  SCV  
  30  3:16  SCV  
  31  3:20  Starport  
  31  3:26  Reaper  
  31  3:30  Supply Depot  
  31  3:35  SCV  
  31  3:47  SCV  
  31  3:52  Hellion  
  32  3:57  Medivac  
  34  4:03  SCV  
  34  4:05  Barracks Reactor  
  34  4:08  Refinery  
  35  4:10  Orbital Command  
  35  4:15  SCV  
  38  4:27  SCV  
  37  4:32  Starport Tech Lab